 Dungeon Crawl Stone Soup version 0.21.1-1-g345015f (webtiles) character file.

115 tidbits the Charmwright (level 5, -2/43 HPs)
             Began as a Gnoll Skald on June 18, 2018.
             Was an Initiate of Cheibriados.
             Slain by a centaur
             ... wielding a +0 short sword
              (3 damage)
             ... on level 5 of the Dungeon.
             The game lasted 00:05:38 (668 turns).

tidbits the Charmwright (Gnoll Skald)                Turns: 668, Time: 00:05:39

Health: -2/43      AC:  4    Str: 14    XL:     5   Next: 0%
Magic:  8/12       EV: 14    Int: 18    God:    Cheibriados [......]
Gold:   97         SH:  8    Dex: 15    Spells: 3/14 levels left

rFire    . . .     SeeInvis .   l - +0 trident
rCold    . . .     Gourm    .   (no shield)
rNeg     . . .     Faith    .   b - +0 leather armour
rPois    .         Spirit   .   (no helmet)
rElec    .         Reflect  +   (no cloak)
rCorr    .         Harm     .   G - +0 pair of gloves
MR       .....                  (no boots)
Stlth    ++........             k - brooch of Shielding {Reflect SH+8}
HPRegen  0.14/turn              (no ring)
MPRegen  0.13/turn              (no ring)

@: very slow
A: distributed training, fangs 1, strong nose
a: Bend Time, Renounce Religion


You were on level 5 of the Dungeon.
You worshipped Cheibriados.
Cheibriados was noncommittal.
You were not hungry.

You visited 2 branches of the dungeon, and saw 6 of its levels.

You collected 97 gold pieces.

Inventory:

Hand Weapons
 a - a +0 hand axe
 l - a +0 trident (weapon)
Armour
 b - a +0 leather armour (worn)
 G - a +0 pair of gloves (worn)
Jewellery
 k - the brooch of Shielding (around neck) {Reflect SH+8}
   (You found it on level 4 of the Dungeon)

   [amulet of reflection]

   It shields you and reflects attacks.
   It affects your SH (+8).
Scrolls
 f - 2 scrolls of identify
 g - a scroll of teleportation
 j - a scroll of remove curse {unknown}
 n - a scroll of enchant weapon {unknown}
Potions
 h - a potion of degeneration {unknown}
 i - a potion of flight {unknown}
 m - a potion of cancellation {unknown}
Books
 c - a book of Battle

   Spells                             Type                      Level
   a - Infusion                       Charms                       1
   b - Shroud of Golubria             Charms/Translocation         2
   c - Song of Slaying                Charms                       2
   d - Spectral Weapon                Hexes/Charms                 3
   e - Regeneration                   Charms/Necromancy            3
Comestibles
 d - 5 rations


   Skills:
 + Level 4.7 Fighting
 + Level 1.2 Short Blades
 + Level 1.2 Long Blades
 + Level 4.7 Axes
 + Level 1.2 Maces & Flails
 + Level 1.2 Polearms
 + Level 1.2 Staves
 + Level 1.2 Slings
 + Level 1.2 Bows
 + Level 1.2 Crossbows
 + Level 1.2 Throwing
 + Level 2.8 Armour
 + Level 4.7 Dodging
 + Level 1.2 Stealth
 + Level 1.2 Shields
 + Level 1.2 Unarmed Combat
 + Level 5.1 Spellcasting
 + Level 1.0 Conjurations
 + Level 1.0 Hexes
 + Level 5.5 Charms
 + Level 1.0 Summonings
 + Level 1.0 Necromancy
 + Level 1.0 Translocations
 + Level 1.0 Transmutations
 + Level 1.0 Fire Magic
 + Level 1.0 Ice Magic
 + Level 1.0 Air Magic
 + Level 1.0 Earth Magic
 + Level 1.0 Poison Magic
 + Level 1.4 Invocations
 + Level 1.2 Evocations


You had 3 spell levels left.
You knew the following spells:

 Your Spells              Type           Power        Failure   Level  Hunger
g - Shroud of Golubria    Chrm/Tloc      ###.......   6%          2    #......
i - Infusion              Chrm           ###.         1%          1    None
r - Regeneration          Chrm/Necr      ###.......   12%         3    ##.....
w - Spectral Weapon       Hex/Chrm       ###.....     12%         3    ##.....
y - Song of Slaying       Chrm           ###.....     2%          2    #......


Dungeon Overview and Level Annotations

Branches:
Dungeon (5/15)             Temple (1/1) D:4

Altars:
Cheibriados
Elyvilon
Fedhas
Gozag
Nemelex Xobeh
Okawaru
Qazlal
Ru
Sif Muna
Trog
Uskayaw
Vehumet
Wu Jian
Yredelemnul
The Shining One

Portals:
Sewer: D:5

Annotations:
D:4 Merlin's ghost, amateur DsCK


Innate Abilities, Weirdness & Mutations

Your experience applies equally to all skills.
You have very sharp teeth.
Your uncanny sense of smell can sniff out nearby items.


Message History

Press: ? - help, Dir - move target cursor, f/p - river rat
Aim: a river rat (heavily wounded)
You closely miss the river rat.
The river rat is heavily wounded.
The river rat closely misses you.
Attack whom?
Press: ? - help, Dir - move target cursor, f/p - river rat
Aim: a river rat (heavily wounded)
You strike the helpless river rat from behind!
You hit the river rat.
The river rat is severely wounded.
You block the river rat's attack. The river rat misses you.
Attack whom?
Press: ? - help, Dir - move target cursor, f/p - river rat
Aim: a river rat (severely wounded)
You barely miss the river rat. You bite the river rat.
The river rat is almost dead.
The river rat barely misses you.
Attack whom?
Press: ? - help, Dir - move target cursor, f/p - river rat
Aim: a river rat (almost dead)
You barely miss the river rat.
The river rat is almost dead.
You block the river rat's attack.
Attack whom?
Press: ? - help, Dir - move target cursor, f/p - river rat
Aim: a river rat (almost dead)
You catch the helpless river rat completely off-guard!
You hit the river rat.
You kill the river rat!
Cheibriados appreciates the change of pace.
You have reached level 5!
Your magical infusion is running out.
You are no longer magically infusing your attacks.
You flicker for a moment.
There is a stone staircase leading down here.
You climb downwards.
You hear the sound of rushing water.
There is an entrance to a sewer on this level.
Hurry and find it before the portal rusts away!
You hear the slow rusting of a distant drain.
Found 16 stones.
There is a stone staircase leading up here.
You flicker back into view.
An ogre comes into view. It is wielding a giant club.
A worker ant comes into view.
There is a stone staircase leading up here.
You see here 16 stones.
Unknown command.
A centaur comes into view. It is wielding a short sword.
The centaur moves out of view.
Unknown command.
The centaur shouts!
The centaur unwields an uncursed short sword.
The centaur wields a shortbow.
The centaur shoots an arrow.
You reflect the arrow off an invisible shield around you!
The arrow hits the centaur!
You hear a splash.
The centaur shoots an arrow.
You reflect the arrow off an invisible shield around you!
The arrow barely misses the centaur.
You hear a splash.
Your magical contamination has completely faded away.
Found an arrow.
Found a glowing drain.
The centaur shoots an arrow.
You reflect the arrow off an invisible shield around you!
The arrow barely misses the centaur.
You hear a splash.
The centaur shoots an arrow.
The arrow completely misses you.
Found an arrow.
The centaur shoots an arrow.
The arrow hits you.
* * * LOW HITPOINT WARNING * * *
You see here an arrow.
The centaur shoots an arrow.
The arrow barely misses you.
Attack whom?
Press: ? - help, Dir - move target cursor, f - centaur
Aim: a centaur, wielding a shortbow (severely wounded)
You reach to attack!
You hit the centaur but do no damage.
The centaur is severely wounded.
The centaur unwields an uncursed shortbow.
The centaur wields an uncursed short sword.
You block the centaur's attack.
You barely miss the centaur.
The centaur is severely wounded.
The centaur hits you with an uncursed short sword.
* * * LOW HITPOINT WARNING * * *
The centaur hits you with an uncursed short sword.
* * * LOW HITPOINT WARNING * * *
You completely miss the centaur.
The centaur is severely wounded.
You block the centaur's attack.
The centaur hits you with an uncursed short sword!
* * * LOW HITPOINT WARNING * * *
You hit the centaur. You bite the centaur, but do no damage.
The centaur is almost dead.
The centaur misses you.
You barely miss the centaur.
The centaur is almost dead.
You block the centaur's attack.
The centaur hits you with an uncursed short sword.
You die...

#.r# #..# #..# ####..#
### ######....># #..
...........# #.#
.........#.# #.#
..(≈≈....#.# ####.##
.≈≈((≈c@..(# #......
.≈≈∩≈≈..(#.## #.##.##
.≈≈≈≈≈..#..(######.##.#
..≈≈≈..............##.#
............######.##.##
.........#.## ..##..(
#...##...#.# #######
...# #####.# .# #.#


You could see a centaur.

Vanquished Creatures
  A howler monkey (D:5)
  An orc wizard (D:4)
  2 adders
  A river rat (D:4)
  An adder skeleton (D:4)
  A leopard gecko (D:1)
  3 orcs (D:4)
  2 ball pythons (D:5)
  2 giant cockroaches
  A hobgoblin (D:2)
  A bat (D:2)
  2 frilled lizards (D:2)
  2 rats (D:5)
20 creatures vanquished.

Notes
Turn   | Place    | Note
-------+----------+-------------------------------------------
     0 | D:1      | tidbits the Gnoll Skald began the quest for the Orb.
     0 | D:1      | Reached XP level 1. HP: 20/20 MP: 6/6
   111 | D:2      | Found an opulent altar of Gozag.
   138 | D:2      | Found a faded altar of an unknown god.
   156 | D:2      | Reached XP level 2. HP: 22/26 MP: 2/7
   160 | D:2      | Learned a level 2 spell: Song of Slaying
   163 | D:2      | Learned a level 2 spell: Shroud of Golubria
   277 | D:4      | Found the brooch of Shielding {Reflect SH+8}
   293 | D:4      | Reached XP level 3. HP: 17/31 MP: 3/9
   296 | D:4      | Reached skill level 5 in Spellcasting
   296 | D:4      | Reached skill level 1 in Invocations
   302 | D:4      | Learned a level 3 spell: Regeneration
   306 | D:4      | Learned a level 3 spell: Spectral Weapon
   349 | D:4      | Reached skill level 1 in Short Blades
   349 | D:4      | Reached skill level 1 in Long Blades
   349 | D:4      | Reached skill level 1 in Maces & Flails
   349 | D:4      | Reached skill level 1 in Polearms
   349 | D:4      | Reached skill level 1 in Staves
   349 | D:4      | Reached skill level 1 in Slings
   349 | D:4      | Reached skill level 1 in Bows
   349 | D:4      | Reached skill level 1 in Crossbows
   349 | D:4      | Reached skill level 1 in Throwing
   349 | D:4      | Reached skill level 1 in Stealth
   349 | D:4      | Reached skill level 1 in Shields
   349 | D:4      | Reached skill level 1 in Unarmed Combat
   349 | D:4      | Reached skill level 1 in Evocations
   424 | D:4      | Found a staircase to the Ecumenical Temple.
   433 | Temple   | Entered the Ecumenical Temple
   469 | Temple   | Became a worshipper of Cheibriados the Contemplative
   535 | D:4      | Noticed Merlin's ghost (amateur DsCK)
   568 | D:4      | Reached XP level 4. HP: 38/38 MP: 6/11
   582 | D:5      | Entered Level 5 of the Dungeon
   591 | D:5      | Reached skill level 1 in Conjurations
   591 | D:5      | Reached skill level 1 in Hexes
   591 | D:5      | Reached skill level 1 in Summonings
   591 | D:5      | Reached skill level 1 in Necromancy
   591 | D:5      | Reached skill level 1 in Translocations
   591 | D:5      | Reached skill level 1 in Transmutations
   591 | D:5      | Reached skill level 1 in Fire Magic
   591 | D:5      | Reached skill level 1 in Ice Magic
   591 | D:5      | Reached skill level 1 in Air Magic
   591 | D:5      | Reached skill level 1 in Earth Magic
   591 | D:5      | Reached skill level 1 in Poison Magic
   625 | D:4      | Reached XP level 5. HP: 16/43 MP: 0/12
   638 | D:5      | Noticed an ogre
   657 | D:5      | Noticed a centaur
   660 | D:5      | Found a glowing drain.
   666 | D:5      | HP: 1/43 [centaur/uncursed short sword (11)]
   668 | D:5      | Slain by a centaur

Skill      XL: |  1  2  3  4 |
---------------+-------------+-----
Spellcasting   | 5 |  5.1
Invocations    | 1 |  1.4
Short Blades   | 1 |  1.2
Long Blades    | 1 |  1.2
Maces & Flails | 1 |  1.2
Polearms       | 1 |  1.2
Staves         | 1 |  1.2
Slings         | 1 |  1.2
Bows           | 1 |  1.2
Crossbows      | 1 |  1.2
Throwing       | 1 |  1.2
Stealth        | 1 |  1.2
Shields        | 1 |  1.2
Unarmed Combat | 1 |  1.2
Evocations     | 1 |  1.2
Conjurations   | 1 |  1.0
Hexes          | 1 |  1.0
Summonings     | 1 |  1.0
Necromancy     | 1 |  1.0
Translocations | 1 |  1.0
Transmutations | 1 |  1.0
Fire Magic     | 1 |  1.0
Ice Magic      | 1 |  1.0
Air Magic      | 1 |  1.0
Earth Magic    | 1 |  1.0
Poison Magic   | 1 |  1.0
Fighting       | |  4.7
Axes           | |  4.7
Armour         | |  2.8
Dodging        | |  4.7
Charms         | |  5.5

Action                   |  1- 3 |  4- 6 || total
-------------------------+-------+-------++-------
Melee: Hand axe          |    35 |    24 ||    59
       Bite              |     3 |     4 ||     7
       Trident           |       |    12 ||    12
 Cast: Infusion          |     9 |     2 ||    11
  Use: Scroll            |     2 |       ||     2
       Potion            |       |     1 ||     1
 Stab: Invisible         |       |     2 ||     2
Armor: Leather armour    |     3 |       ||     3
Dodge: Dodged            |    21 |    17 ||    38
Block: Other             |     3 |    16 ||    19
       Reflection        |       |     3 ||     3

Table legend:
 A = Turns spent in this place as a percentage of turns spent in the entire game.
 B = Non-inter-level travel turns spent in this place as a percentage of non-inter-level travel turns spent in the entire game.
 C = Inter-level travel turns spent in this place as a percentage of turns spent in this place.
 D = Turns resting spent in this place as a percentage of non-inter-level travel turns spent in this place.
 E = Turns spent auto-exploring this place as a percentage of non-inter-level travel turns spent in this place.
 F = Non-inter-level travel turns spent in this place divided by the number of levels of this place that you've seen.
                   A       B       C       D       E      F
               +-------+-------+-------+-------+-------+----------------------
         Total | 100.0 | 100.0 |   6.3 |   0.0 |   0.0 | 104.3
       Dungeon |  91.5 |  93.9 |   3.8 |   0.0 |   0.0 | 117.6
        Temple |   8.5 |   6.1 |  33.3 |   0.0 |   0.0 |  38.0
               +-------+-------+-------+-------+-------+----------------------

Table legend:
 A = Kills in this place as a percentage of kills in entire the game.
 B = Kills by you in this place as a percentage of kills by you in the entire game.
 C = Kills by friends in this place as a percentage of kills by friends in the entire game.
 D = Other kills in this place as a percentage of other kills in the entire game.
 E = Experience gained in this place as a percentage of experience gained in the entire game.
 F = Experience gained in this place divided by the number of levels of this place that you have seen.
                   A       B       C       D       E      F
               +-------+-------+-------+-------+-------+----------------------
         Total | 100.0 | 100.0 |   N/A |   N/A | 100.0 |  27.5
       Dungeon | 100.0 | 100.0 |   N/A |   N/A | 100.0 |  33.0
               +-------+-------+-------+-------+-------+----------------------

Vault maps used:
D:1:      dpeg_arrival_solitude, minivault_27, minmay_misc_feat_pillars
D:2:      grunt_temple_overflow_open, chequers_ecumenical_altar_simple,
          nicolae_gozag_cash_rules_everything_around_me
D:3:      grunt_decor_one_mirror, lemuel_tele_altar
D:4:      lemuel_crystal_altar, lemuel_temple_firewalk_b, first_ration
D:5:      portal_sewer_entry_a, uniq_crazy_yiuf_cottage
Temple:   eino_wide_crystal_templ
